 Dungeon Crawl Stone Soup version 0.30-a0-859-gf88a04b62d (webtiles) character file.

Game seed: 2358081908916680110

2506 MacCMillion the Skirmisher (level 9, -4/51 HPs)
             Began as a Spriggan Hunter on Mar 6, 2023.
             Was a Priest of Okawaru.
             Slain by an orc knight
             ... wielding a +0 glaive
              (12 damage)
             ... in a bailey.
             The game lasted 00:20:09 (9151 turns).

MacCMillion the Skirmisher (Spriggan Hunter)        Turns: 9151, Time: 00:20:10

Health: -4/51      AC:  7    Str:  7    XL:     9   Next: 28%
Magic:  10/10      EV: 20    Int: 11    God:    Okawaru [***...]
Gold:   611        SH:  5    Dex: 22    Spells: 8/8 levels left

rFire   . . .      SeeInvis +    a - +0 shortbow
rCold   . . .      Faith    .    (shield currently unavailable)
rNeg    . . .      Spirit   .    c - +1 robe
rPois   +          Reflect  +    (helmet restricted)
rElec   .          Rampage  .    (no cloak)
rCorr   .                        (gloves unavailable)
Will    +....                    (boots unavailable)
Stlth   +++                      B - amulet of reflection
HPRegen 0.28/turn                w - ring of poison resistance
MPRegen 0.12/turn                z - +4 ring of protection

@: very quick
A: very small, no large weapons, unfitting armour, see invisible, speed 3,
mutation resistance 1, robust 1
a: Renounce Religion, Heroism


You were in a bailey.
You worshipped Okawaru.
Okawaru was most pleased with you.
You visited 2 branches of the dungeon, and saw 8 of its levels.
You also visited: Sewer and Bailey.

You collected 611 gold pieces.

Inventory:

Hand Weapons
 a - a +0 shortbow (weapon)
Armour
 c - a +1 robe (worn)
Jewellery
 f - a +6 ring of strength
 w - a ring of poison resistance (left hand)
 y - a ring of magical power
 z - a +4 ring of protection (right hand)
 B - an amulet of reflection (around neck)
Scrolls
 b - 3 scrolls of immolation
 d - a scroll of blinking
 e - 2 scrolls of fear
 h - a scroll of magic mapping
 k - a scroll of enchant armour
 m - a scroll of noise
 o - a scroll of vulnerability
 q - a scroll of teleportation
 t - 5 scrolls of enchant weapon
 u - a scroll of poison {unknown}
 x - a scroll of amnesia {unknown}
 D - a scroll of acquirement
Potions
 g - 2 potions of attraction
 i - 2 potions of ambrosia
 j - 6 potions of haste
 l - 2 potions of cancellation
 n - 3 potions of might
 p - a potion of experience
 r - 2 potions of degeneration
 s - 4 potions of mutation
 v - 3 potions of heal wounds
 A - a potion of resistance
 C - 2 potions of magic {unknown}


   Skills:
 + Level 5.4 Fighting
 * Level 11.1 Ranged Weapons
 + Level 4.2 Dodging
 - Level 4.0 Stealth


You had 8 spell levels left.
You didn't know any spells.
Your spell library contained the following spells:

 Spells                   Type           Power      Damage    Failure   Level
 Kiss of Death            Conj/Necr      0%         2d5       34%         1
 Confusing Touch          Hex            0%         N/A       71%         3
 Dispel Undead            Necr           0%         3d6       98%         4


Dungeon Overview and Level Annotations

Branches:
Dungeon (7/15)             Temple (1/1) D:4           Sewer (visited)
 Bailey (1/1)

Altars:
Ashenzari
Dithmenos
Elyvilon
Fedhas
Kikubaaqudgha
Makhleb
Nemelex Xobeh
Okawaru
Qazlal
Ru
Sif Muna
Trog
Uskayaw
Vehumet
Xom
Yredelemnul
Zin
The Shining One

Shops:
D:6 :


Innate Abilities, Weirdness & Mutations

You are very small and have problems with some larger weapons.
You are too small for most types of armour.
You have supernaturally acute eyesight. (SInv)
You cover ground extremely quickly. (Speed+++)
You are somewhat resistant to further mutation.
You are robust. (+10% HP)


Message History

You shoot an arrow.
The arrow hits the orc warrior but does no damage.
The orc warrior is almost dead.
You block the orc warrior's attack.
You shoot an arrow.
The arrow hits the orc warrior but does no damage.
The orc warrior is severely wounded.
You shoot an arrow. The arrow hits the orc warrior.
The orc warrior is almost dead.
The orc warrior hits you but does no damage.
You shoot an arrow.
The arrow hits the orc warrior but does no damage.
The orc warrior is almost dead.
The orc warrior hits you from afar with a +0 halberd.
You are too injured to fight recklessly!
You are too injured to fight recklessly!
You are too injured to fight recklessly!
Fire: a) +0 shortbow
Press: ? - help, Q - select action, (/) - cycle Shift-Dir - straight line, f/p - orc warrior
Aim: an orc warrior, wielding a +0 halberd and wearing a +0 plate armour (almost dead, 70% to hit)
You shoot an arrow. The arrow hits the orc warrior.
You kill the orc warrior!
Okawaru accepts your kill.
Okawaru will now gift you throwing weapons as you gain piety.
You start resting.
An orc knight is nearby!
The orc knight shouts!
You shoot an arrow. The arrow hits the orc knight.
The orc knight is moderately wounded.
The orc knight roars a battlecry!
You shoot an arrow. The arrow hits the orc knight.
The orc knight is heavily wounded.
You shoot an arrow. The arrow hits the orc knight.
The orc knight is heavily wounded.
The orc knight hits you from afar with a +0 glaive.
The orc knight barely misses you.
The orc knight hits you from afar with a +0 glaive!!
* * * LOW HITPOINT WARNING * * *
The orc knight hits you from afar with a +0 glaive!
You die...

############ #######
##..........###.....######
#............'.......#....
#..).........'....#..'....
#∩...o...@...'.......'....
#............'....#.)'....
#.......o....'.......#....
##..........###.....######
############ #######


You could see 2 orc knights.

Vanquished Creatures
  Sigmund (D:6)
  3 ice beasts
  A black bear (D:3)
  An ogre (D:6)
  7 orc warriors
  A centaur (D:5)
  2 phantoms (D:5)
  2 scorpions (D:6)
  7 hounds
  2 orc priests (D:6)
  A jelly (D:4)
  A gnoll bouda (D:6)
  2 iguanas (D:6)
  A sleepcap (D:7)
  3 orc wizards
  2 gnolls (D:6)
  8 adders
  13 river rats
  A shadow imp (D:5)
  2 white imps
  2 ufetubi
  A worm (D:2)
  5 dart slugs
  31 orcs
  9 endoplasms
  4 giant cockroaches
  9 goblins
  4 hobgoblins
  10 jackals
  7 kobolds
  11 quokkas
  9 ball pythons
  A bat (D:3)
  11 frilled lizards
  24 rats
199 creatures vanquished.

Notes
Turn   | Place    | Note
-------+----------+-------------------------------------------
     0 | D:1      | MacCMillion the Spriggan Hunter began the quest for the
                  | Orb.
     0 | D:1      | Reached XP level 1. HP: 10/10 MP: 2/2
    87 | D:1      | Reached XP level 2. HP: 14/14 MP: 3/3
   337 | D:1      | You fall into a shaft and drop 1 floor!
   471 | D:2      | Reached XP level 3. HP: 18/18 MP: 4/4
  1116 | D:1      | Reached skill level 5 in Ranged Weapons
  1255 | D:1      | Reached XP level 4. HP: 22/22 MP: 5/5
  2011 | D:3      | Found an ancient bone altar of Kikubaaqudgha.
  2132 | D:3      | Found a glowing drain.
  2149 | Sewer    | Entered a sewer
  2270 | Sewer    | Reached XP level 5. HP: 25/25 MP: 6/6
  2343 | Sewer    | Reached skill level 6 in Ranged Weapons
  3365 | D:3      | Gained mutation: You are somewhat resistant to further
                  | mutation. [potion of mutation]
  3365 | D:3      | Gained mutation: You are robust. (+10% HP) [potion of
                  | mutation]
  3626 | D:3      | Found an ancient bone altar of Kikubaaqudgha.
  4273 | D:4      | Noticed a black bear
  4349 | D:3      | Killed a black bear
  4350 | D:3      | Reached skill level 7 in Ranged Weapons
  4350 | D:3      | Reached XP level 6. HP: 33/33 MP: 7/7
  4600 | D:4      | Found a staircase to the Ecumenical Temple.
  4634 | Temple   | Entered the Ecumenical Temple
  4819 | Temple   | Became a worshipper of Warmaster Okawaru
  4895 | D:4      | Found a radiant altar of Vehumet.
  5222 | D:5      | Entered Level 5 of the Dungeon
  5308 | D:5      | Found a glowing silver altar of Zin.
  5308 | D:5      | Noticed an angel
  5520 | D:5      | Reached skill level 8 in Ranged Weapons
  5566 | D:5      | Reached XP level 7. HP: 31/36 MP: 8/8
  5874 | D:5      | Reached * piety under Okawaru
  6205 | D:4      | Reached skill level 9 in Ranged Weapons
  6952 | D:5      | Found a glowing silver altar of Zin.
  6998 | D:5      | Reached XP level 8. HP: 28/40 MP: 9/9
  7245 | D:6      | Noticed Sigmund
  7276 | D:6      | Killed Sigmund
  7276 | D:6      | Reached ** piety under Okawaru
  7277 | D:6      | Reached skill level 10 in Ranged Weapons
  8153 | D:6      | Found Tuxez's Tremendous Tomes.
  8179 | D:6      | Found a stormy altar of Qazlal.
  8203 | D:7      | Found a shimmering altar of Xom.
  8204 | D:7      | Found a blossoming altar of Fedhas.
  8204 | D:7      | Found a burning altar of Makhleb.
  8205 | D:7      | Found a shadowy altar of Dithmenos.
  8257 | D:7      | Reached skill level 5 in Fighting
  8462 | D:7      | Found a flagged portal.
  8471 | Bailey   | Entered a bailey
  8583 | Bailey   | Reached XP level 9. HP: 39/51 MP: 7/10
  8880 | Bailey   | Reached *** piety under Okawaru
  8881 | Bailey   | Reached skill level 11 in Ranged Weapons
  8912 | Bailey   | Noticed an orc knight
  9011 | Bailey   | Noticed an orc knight
  9151 | Bailey   | Slain by an orc knight

Illustrated notes

Levels and vault maps discovered:
D:1:      minmay_arrival_arboretum_large, layout_basic
D:2:      layout_loops_corners, grunt_decor_arrowhead, kennysheep_cross_room,
          chequers_serial_rivers_marsh, serial_park_tiny_pond
D:3:      layout_basic, mainiacjoe_overflow_small_starburst,
          cheibrodos_sewer_entry_drain
D:4:      layout_cave_pools, mainiacjoe_overflow_tiny_flanked,
          minmay_temple_entry_waves, minivault_23, kennysheep_generic_room_16
D:5:      layout_gridville, zin_angel
D:6:      lemuel_ratsnest, layout_cave_pools, nicolae_qazlal_eye_of_the_storm,
          nicolae_shop_i_like_big_books, chequers_serial_rivers_room_a,
          uniq_sigmund
D:7:      layout_cave_pools, chequers_temple_overflow_statue_of_worship,
          nzn_wu_jian_contemplation, kennysheep_slug_shrine, serial_glass,
          glass_columns_a, glass_columns_a, feat_on_display, enter_bailey_2
Temple:   chequers_temple_sunken
Bailey:   bailey_polearm_5, bailey

Skill      XL: |  1  2  3  4  5  6  7  8  9 |
---------------+----------------------------+-----
Stealth        | 2 3 4 |  4.0
Ranged Weapons | 5 7 8 9 10 11 | 11.1
Fighting       | 5 |  5.4
Dodging        | 3 4 |  4.2

Action                     |  1- 3 |  4- 6 |  7- 9 || total
---------------------------+-------+-------+-------++-------
   Fire: Shortbow          |   135 |   241 |   452 ||   828
 Invoke: Heroism           |       |       |     2 ||     2
    Use: Scroll            |       |     5 |    10 ||    15
         Potion            |       |     1 |       ||     1
 Armour: Robe              |     7 |     6 |    18 ||    31
  Dodge: Dodged            |    45 |   123 |   103 ||   271
  Block: Other             |       |       |     9 ||     9

Table legend: (Time is in decaauts)
 A = Elapsed time spent in this place.
 B = Non-inter-level travel time spent in this place.
 C = Inter-level travel time spent in this place.
 D = Time resting spent in this place.
 E = Time spent auto-exploring this place.
 F = Levels seen in this place.
 G = Mean time per level.
                   A        B        C        D        E       F      G
               +--------+--------+--------+--------+--------+-----+--------+
         Total |   6662 |   6444 |    218 |   1044 |   3353 |  10 |  666.2 |
       Dungeon |   5510 |   5310 |    200 |    769 |   3048 |   7 |  787.1 |
        Temple |    171 |    154 |     17 |      0 |    148 |   1 |  171.0 |
         Sewer |    460 |    460 |      0 |    168 |    116 |   1 |  460.0 |
        Bailey |    519 |    519 |      0 |    106 |     40 |   1 |  519.0 |
               +--------+--------+--------+--------+--------+-----+--------+

Top non-repeatable levels by time:
     D:5: 1388 daAuts
     D:3: 1224 daAuts
     D:2: 866 daAuts
     D:6: 835 daAuts
     D:1: 609 daAuts
  Bailey: 519 daAuts
     D:4: 493 daAuts
   Sewer: 460 daAuts
  Temple: 171 daAuts
     D:7: 92 daAuts
